 Dungeon Crawl Stone Soup version 0.30-a0-174-gbc10bd73c2 (webtiles) character file.

Game seed: 11839450669258634712

309 qw the Chopper (level 6, -6/38 HPs)
             Began as a Gargoyle Fighter on Oct 1, 2022.
             Mangled by an ogre
             ... wielding a +0 giant club
              (29 damage)
             ... on level 5 of the Dungeon.
             The game lasted 00:01:31 (3672 turns).

qw the Chopper (Gargoyle Fighter)                   Turns: 3672, Time: 00:01:31

Health: -6/38      AC: 19    Str: 21    XL:     6   Next: 41%
Magic:  6/6        EV:  7    Int:  9    God:
Gold:   227        SH:  4    Dex:  9    Spells: 5/5 levels left

rFire   . . .      SeeInvis .    Y - +0 war axe (venom)
rCold   . . .      Faith    .    c - +0 buckler
rNeg    + . .      Spirit   .    n - +0 chain mail
rPois   inf        Reflect  .    (no helmet)
rElec   +          Harm     .    (no cloak)
rCorr   +          Rampage  .    m - +2 pair of gloves
Will    .....                    f - +2 pair of boots
Stlth   ..........               (no amulet)
HPRegen 0.26/turn                j - ring of resist corrosion
MPRegen 0.10/turn                (no ring)

@: no status effects
A: sickness immunity, AC +4, negative energy resistance 1, electricity
resistance, torment resistance 1, petrification resistance, evolution 1
a: no special abilities


You were on level 5 of the Dungeon.
You visited 1 branch of the dungeon, and saw 5 of its levels.

You collected 277 gold pieces.
You spent 50 gold pieces at shops.


Innate Abilities, Weirdness & Mutations

You are immune to sickness and miasma.
Your stone body is resilient. (AC +4)
You are immune to poison.
You resist negative energy. (rN+)
You are resistant to electric shocks. (rElec)
You are resistant to unholy torment.
You are immune to petrification.
You have hidden genetic potential.


   Skills:
 - Level 4.2 Fighting
 + Level 5.5 Axes
 - Level 3.2 Armour
 - Level 3.2 Shields


You had 5 spell levels left.
You didn't know any spells.
Your spell library was empty.

Inventory:

Hand Weapons
 h - a +0 flail
 Y - a +0 war axe of venom (weapon)
Armour
 c - a +0 buckler (worn)
 f - a +2 pair of boots (worn)
 m - a +2 pair of gloves (worn)
 n - a +0 chain mail (worn)
Jewellery
 e - the amulet of Odghum {Reflect Harm Drain rN+ Will+ SH+5}
   (You acquired it on level 1 of the Dungeon)

   [amulet of reflection]

   It reflects blocked missile attacks.
   rN:        It protects you from negative energy.
   Drain:     It drains your maximum health when unequipped.
   SH:        It affects your SH (+5).
   Harm:      It increases damage dealt and taken.
   Will:      It increases your willpower.
 j - a ring of resist corrosion (left hand)
Scrolls
 a - 2 scrolls of teleportation
 k - a scroll of identify
Potions
 b - 2 potions of attraction
 d - a potion of might
 g - a potion of mutation
 i - 3 potions of curing
 l - 2 potions of heal wounds

Dungeon Overview and Level Annotations

Branches:
Dungeon (5/15)
 Temple: D:4-7

Altars:
Gozag

Shops:
D:2 (?


Message History

3658 ||| READING scroll of enchant armour.
As you read the scroll of enchant armour, it crumbles to dust.
Your +1 pair of boots glows green for a moment.
3658 ||| ENCHANTING +1 pair of boots.
An adder comes into view.
The adder hisses angrily.
You miss the adder. The adder barely misses you.
You hit the adder.
The adder is poisoned.
The adder is moderately wounded.
The adder barely misses you. The adder bites you.
You closely miss the adder.
The adder is heavily wounded.
The adder bites you but does no damage. The adder closely misses you.
You slash the adder!
You kill the adder!
An ogre and an iguana come into view.
The iguana hisses angrily.
The iguana moves out of view.
You closely miss the iguana. You block the iguana's attack.
You barely miss the iguana. The iguana barely misses you.
You hit the iguana.
The iguana is moderately wounded.
You barely miss the ogre. The iguana bites you!
The ogre hits you but does no damage. The iguana completely misses you.
You barely miss the iguana.
The iguana is moderately wounded.
You slash the ogre! The ogre hits you with a +0 giant club.
The iguana bites you but does no damage.
You hit the iguana.
The iguana is heavily wounded.
You slash the ogre!
The ogre is poisoned.
The iguana bites you.
The ogre hits you with a +0 giant club!!
Ouch! That really hurt!
You die...

.# #.# .# #.# ## ....
#.# #+#.# ......+#.#
....# .#.....#.#.#
....###
.#.......#.#l#.......
.#.#.....#.#.#@#
..#.#.#.#.#%#.#O#
..#.#.#.#.#.#.#.#
#.#.#.#.#.#.#.#.#
#.#.#.#.#.#.#.#.#
#.#.#.#.#.#.#.##
#.#.#.#.#.#.#.#
#<#.#.#.#.#.##
###########.#


You could see an ogre (very poisoned) and an iguana.

Vanquished Creatures
  2 hounds (D:4)
  2 iguanas
  Terence (D:2)
  Natasha (D:2)
  4 adders
  A gnoll (D:1)
  2 worms (D:3)
  A dart slug (D:1)
  2 orcs (D:3)
  2 ball pythons (D:1)
  5 bats
  10 endoplasms
  4 giant cockroaches
  15 goblins
  7 hobgoblins
  10 jackals
  5 kobolds
  2 quokkas
  4 frilled lizards
  8 rats
88 creatures vanquished.

Notes
Turn   | Place    | Note
-------+----------+-------------------------------------------
     0 | D:1      | qw the Gargoyle Fighter began the quest for the Orb.
     0 | D:1      | Reached XP level 1. HP: 14/14 MP: 1/1
     0 | D:1      | 0 ||| qw: Version: 0.2-a-13-gfc7b4b4
     0 | D:1      | 0 ||| qw: Game counter: 1934
     0 | D:1      | 0 ||| qw: Always use a shield: true
     0 | D:1      | 0 ||| qw: God list: Okawaru
     0 | D:1      | 0 ||| qw: Allow faded altars: false
     0 | D:1      | 0 ||| qw: Do Orc after D:15 true
     0 | D:1      | 0 ||| qw: Do second Lair branch before Depths: true
     0 | D:1      | 0 ||| qw: Lair rune preference: random
     0 | D:1      | 0 ||| qw: Plans: Normal, Zot:1-4, God:TSO, Crypt, Tomb,
                  | Pan, Slime:5, Hells, Abyss, Orb
     0 | D:1      | 0 ||| PLANNING D:1-11
    89 | D:1      | Reached skill level 2 in Axes
   140 | D:1      | Reached XP level 2. HP: 19/19 MP: 2/2
   267 | D:1      | 267 ||| Stepping ~*~*~tactically~*~*~ (hiding).
   274 | D:1      | Reached skill level 3 in Axes
   274 | D:1      | Reached XP level 3. HP: 16/23 MP: 3/3
   452 | D:1      | 452 ||| Stepping ~*~*~tactically~*~*~ (stealth).
   923 | D:1      | 923 ||| UPGRADING to +0 pair of boots.
   928 | D:1      | 928 ||| UPGRADING to ring of resist corrosion.
   929 | D:1      | 929 ||| READING 2 scrolls labelled PER XYTHRENI.
   933 | D:1      | 933 ||| READING scroll labelled TEWE MO ROTO.
   934 | D:1      | 934 ||| READING scroll labelled WELYPH JIXUIJO.
   934 | D:1      | Identified a scroll of acquirement
   934 | D:1      | 934 ||| ACQUIRING amulet of Odghum {Reflect Harm Drain rN+
                  | Will+ SH+5}
   934 | D:1      | Acquired the amulet of Odghum {Reflect Harm Drain rN+ Will+
                  | SH+5}
   936 | D:1      | 936 ||| READING scroll labelled JAGEKE LAPOME.
   937 | D:1      | 937 ||| READING scroll labelled BOIWKIUNN ZEDWU.
   983 | D:2      | Reached XP level 4. HP: 26/28 MP: 4/4
  1025 | D:2      | 1025 ||| Stepping ~*~*~tactically~*~*~ (stealth).
  1026 | D:2      | 1026 ||| Stepping ~*~*~tactically~*~*~ (stealth).
  1042 | D:2      | Found Kycaicw's Magic Scroll Shop.
  1051 | D:2      | 1051 ||| SHOPLISTING scroll of enchant weapon (75 gold,
                  | have 60).
  1051 | D:2      | 1051 ||| BUYING scroll of identify (20 gold).
  1051 | D:2      | Bought a scroll of identify for 20 gold pieces
  1051 | D:2      | 1051 ||| BUYING scroll of teleportation (30 gold).
  1051 | D:2      | Bought a scroll of teleportation for 30 gold pieces
  1151 | D:2      | Reached skill level 4 in Axes
  1256 | D:2      | Noticed Natasha
  1264 | D:2      | Killed Natasha
  1334 | D:2      | Found an opulent altar of Gozag.
  1445 | D:2      | Found Kehaelo's Weapon Shop.
  1454 | D:2      | 1454 ||| SHOPLISTING +0 mace (39 gold, have 32).
  1454 | D:2      | 1454 ||| SHOPLISTING +10 war axe of Evil {elec, rC+} (945
                  | gold, have 32).
  1587 | D:2      | Noticed Terence
  1591 | D:2      | Killed Terence
  1592 | D:2      | Reached XP level 5. HP: 32/32 MP: 5/5
  1742 | D:2      | 1742 ||| UPGRADING to +0 chain mail.
  1752 | D:2      | 1752 ||| DROPPING +0 scale mail.
  1753 | D:2      | 1753 ||| READING scroll labelled NEONWUXOAT.
  1754 | D:2      | 1754 ||| READING scroll labelled QOINGY ISOOCK.
  1755 | D:2      | 1755 ||| READING 2 scrolls of identify.
  1755 | D:2      | 1755 ||| IDENTIFYING bubbling inky potion
  1756 | D:2      | 1756 ||| DROPPING potion of flight.
  1778 | D:3      | 1778 ||| STAIRDANCE
  2102 | D:3      | Reached skill level 5 in Axes
  2147 | D:3      | 2147 ||| DROPPING +0 club.
  2161 | D:3      | Found a faded altar of an unknown god.
  2321 | D:3      | 2321 ||| Stepping ~*~*~tactically~*~*~ (stealth).
  2360 | D:3      | 2360 ||| DROPPING +0 mace.
  2643 | D:3      | 2643 ||| READING 2 scrolls labelled XOAMIOGAON.
  2644 | D:3      | 2644 ||| READING scroll of enchant armour.
  2644 | D:3      | 2644 ||| ENCHANTING +0 pair of boots.
  2645 | D:3      | 2645 ||| DRINKING 2 bubbling puce potions.
  2645 | D:3      | Gained mutation: You have hidden genetic potential. [potion
                  | of mutation]
  2646 | D:3      | 2646 ||| DRINKING 3 white potions.
  2670 | D:4      | Reached XP level 6. HP: 32/38 MP: 6/6
  2725 | D:4      | 2725 ||| Stepping ~*~*~tactically~*~*~ (hiding).
  2853 | D:4      | 2853 ||| Stepping ~*~*~tactically~*~*~ (stealth).
  3611 | D:4      | 3611 ||| UPGRADING to +2 pair of gloves.
  3616 | D:4      | 3616 ||| READING scroll labelled QEUZXEBOCW.
  3617 | D:4      | 3617 ||| DRINKING 3 metallic black potions.
  3618 | D:4      | 3618 ||| READING 2 scrolls of identify.
  3618 | D:4      | 3618 ||| IDENTIFYING pink potion
  3642 | D:5      | Entered Level 5 of the Dungeon
  3658 | D:5      | 3658 ||| READING scroll of enchant armour.
  3658 | D:5      | 3658 ||| ENCHANTING +1 pair of boots.
  3672 | D:5      | Mangled by an ogre

Levels and vault maps discovered:
D:1:      nicolae_arrival_somewhat_less_tricky_arrival, layout_loops_ring,
          grunt_decor_arrowhead
D:2:      layout_loops_ring, basic_altar, serial_shops, nicolae_shop_stone,
          nicolae_shop_stone, uniq_natasha, uniq_terence
D:3:      kennysheep_six_static_rooms, layout_loops_ring, basic_ecumenical_altar
D:4:      layout_loops_corners, minmay_crossroads
D:5:      layout_basic, nicolae_overflow_hidden_temple,
          nicolae_overflow_crystal_walls, serial_shops,
          nicolae_shop_hallway_stairs

Skill      XL: |  1  2  3  4  5 |
---------------+----------------+-----
Axes           | 2 3 4 5 |  5.5
Fighting       | 4 |  4.2
Armour         | |  3.2
Shields        | |  3.2

Action                   |  1- 3 |  4- 6 || total
-------------------------+-------+-------++-------
Melee: War axe           |   114 |   190 ||   304
  Use: Scroll            |     5 |     8 ||    13
       Potion            |       |     3 ||     3
Armor: Scale mail        |    59 |    43 ||   102
       Chain mail        |       |    61 ||    61
Dodge: Dodged            |    45 |    96 ||   141
Block: Buckler           |    19 |    40 ||    59

Table legend:
 A = Non-vault XP
 B = Vault XP
 C = Vault XP percentage of total XP
 D = Non-vault monster count
 E = Vault monster count
 F = Vault count percentage of total count
                 A         B        C        D         E       F
            +---------+---------+-------+---------+---------+-------
      Total |     322 |     120 |  27.1 |      79 |       9 |  10.2
            +---------+---------+-------+---------+---------+-------
        D:1 |      73 |       0 |   0.0 |      32 |       0 |   0.0
        D:2 |      44 |      71 |  61.7 |      19 |       2 |   9.5
        D:3 |      89 |       9 |   9.2 |      19 |       6 |  24.0
        D:4 |      66 |      40 |  37.7 |       7 |       1 |  12.5
        D:5 |      50 |       0 |   0.0 |       2 |       0 |   0.0
            +---------+---------+-------+---------+---------+-------
